Map: Dusk Towers

Players

IamDrizzt

  • Race: Protoss Protoss
  • League: Diamond

MorN - Winner!

  • Race: Terran Terran
  • League: Platinum

VOD

Have the link to the VOD?

Description

Time

  • Played on: Nov. 11, 2015, 10:45 p.m.
  • Length: 5:17
Show
View Real Time Build Order
Export as new Build Order

IamDrizzt Protoss 

Build Orders: Oracle Opening 

Get SALT Encoding   

  12  0:00  Probe (Chrono Boost)  
  13  0:11  Probe (Chrono Boost)  
  14  0:19  Pylon  
  14  0:22  Probe (Chrono Boost)  
  15  0:37  Probe (Chrono Boost), Gateway  
  16  0:46  Assimilator  
  16  0:48  Probe (Chrono Boost)  
  17  0:58  Probe (Chrono Boost)  
  18  1:06  Assimilator  
  18  1:09  Probe (Chrono Boost)  
  19  1:19  Probe (Chrono Boost)  
  19  1:25  Cybernetics Core  
  20  1:30  Probe (Chrono Boost)  
  21  1:39  Pylon  
  21  1:40  Probe (Chrono Boost)  
  21  1:44  Pylon  
  22  1:51  Probe (Chrono Boost)  
  22  1:53  Pylon  
  23  2:03  Adept  
  23  2:04  Warp Gate  
  25  2:08  Probe (Chrono Boost)  
  26  2:17  Stargate  
  26  2:24  Mothership Core (Chrono Boost)  
  28  2:42  Adept (Chrono Boost)  
  30  2:53  Gateway  
  30  2:56  Pylon  
  28  3:06  Gateway  
  28  3:08  Oracle  
  31  3:25  Adept (Chrono Boost)  
  28  3:51  Zealot (Chrono Boost)  
  28  3:55  Zealot (Chrono Boost)  
  32  4:06  Forge  
  32  4:15  Zealot (Chrono Boost)  
  36  4:18  Zealot (Chrono Boost)  
  36  4:22  Oracle  
  41  4:42  Zealot (Chrono Boost)  
  39  4:48  Zealot (Chrono Boost)  
  39  4:50  Pylon  
Show
View Real Time Build Order
Export as new Build Order

MorN Terran - Winner!

Build Orders:  

Get SALT Encoding   

  12  0:00  SCV  
  13  0:17  Supply Depot  
  13  0:20  SCV  
  14  0:32  SCV  
  15  0:45  Barracks  
  15  0:53  Barracks  
  15  0:59  SCV  
  16  1:13  Barracks  
  16  1:20  SCV  
  16  1:23  Supply Depot  
  17  1:32  Marine  
  18  1:42  Marine  
  19  1:51  Orbital Command  
  19  1:52  Marine  
  20  2:07  Marine x2  
  22  2:09  Bunker  
  22  2:10  Marine  
  23  2:25  Marine x2  
  23  2:26  SCV  
  23  2:28  Marine  
  27  2:33  Supply Depot  
  27  2:43  Marine  
  27  2:44  Bunker  
  24  2:52  Bunker, Marine x2  
  26  2:59  SCV  
  26  3:01  Marine  
  28  3:10  Marine x2  
  30  3:15  Bunker  
  30  3:18  Marine  
  31  3:22  Bunker  
  31  3:28  Marine x2  
  32  3:36  Marine  
  32  3:46  Marine x2  
  34  3:54  Marine  
  24  4:03  Marine  
  24  4:04  Marine  
  25  4:12  Marine  
  26  4:21  Marine x2  
  28  4:24  Bunker  
  28  4:30  Marine  
  27  4:36  SCV  
  27  4:39  Marine x2  
  28  4:48  Marine  
  29  4:57  Bunker, Marine x2  
Tags
 
Add a new tag
Caveats
  • Supply blocks, unpowered buildings, or Contaminate may cause inaccurate times.
  • Supply counts are checked every 10 seconds.